[Event "42nd Olympiad Baku 2016 Women"]
[Site "Baku"]
[Date "2016.09.06"]
[Round "5.23"]
[White "Tan, Zhongyi"]
[Black "Movileanu, Daniela"]
[Result "1-0"]
[ECO "A31"]
[WhiteElo "2475"]
[BlackElo "2268"]
[Annotator ""]
[PlyCount "71"]
[EventDate "2016.??.??"]
[EventType "team-tourn"]
[EventCountry "AZE"]
[SourceTitle "playchess.com"]
[Source "ChessBase"]
[WhiteTeam "China"]
[BlackTeam "Italy"]
[WhiteTeamCountry "CHN"]
[BlackTeamCountry "ITA"]
[TimeControl "40/5400+30:1800+30"]

1. c4 {(00:00)} c5 {(00:00)} 2. Nf3 {(00:00)} Nf6 {
(00:03)} 3. d4 {(00:58)} cxd4 {(00:23)} 4. Nxd4 {(
00:04)} Nc6 {(01:23)} 5. Nc3 {(00:10)} g6 {(00:23)} 6. g3
{(01:04)} Bg7 {(00:30)} 7. Bg2 {(00:06)} O-O {(00:
24)} 8. O-O {(00:12)} Nxd4 {(02:04)} 9. Qxd4 {(00:06)} d6
{(00:23)} 10. Qd3 {(00:04)} a6 {(00:57)} 11. Rd1 {(
08:10)} Qc7 {(05:42)} 12. Bd2 {(05:48)} Bd7 {(05:53)} 13.
Rac1 {(01:01)} Rac8 {(05:38)} 14. b3 {(00:24)} Qb8 {
(10:31)} 15. a4 {(00:53)} Be6 {(13:20)} 16. e4 {(
04:32)} Nd7 {(05:22)} 17. Nd5 {(10:58)} Rfe8 {(07:54)} 18.
Qe2 {(02:38)} Nc5 {(02:42)} 19. Rb1 {(03:12)} b6 {(
02:31)} 20. Bg5 {(03:21)} Qa7 {(09:06)} 21. h4 {(02:28)}
h6 {(02:06)} 22. Be3 {(00:13)} Rb8 {(03:03)} 23. Qa2 {
(07:17)} Bd7 {(02:25)} 24. a5 {(07:59)} Bc6 {(03:
06)} 25. axb6 {(01:44)} Qb7 {(00:26)} 26. b4 {(11:11)} Na4
{(06:28)} 27. b5 {(00:47)} axb5 {(00:47)} 28. cxb5 {
(00:06)} Bxd5 {(00:17)} 29. Qxa4 {(00:06)} Ra8 {(
00:34)} 30. Qb4 {(01:22)} Be6 {(01:29)} 31. Rdc1 {(00:39)}
Rec8 {(01:17)} 32. Rc6 {(00:55)} Ra1 {(06:42)} 33. Rxa1 {
(00:06)} Bxa1 {(00:03)} 34. Qa4 {(03:35)} Ra8 {(00:
12)} 35. Rc7 {(00:49)} Qb8 {(01:36)} 36. Ra7 {(00:16)} 1-0

[Event "42nd Olympiad Baku 2016 Women"]
[Site "Baku"]
[Date "2016.09.06"]
[Round "5.28"]
[White "Tavares, Domingas"]
[Black "Ibrahimi Khadija"]
[Result "1-0"]
[ECO "C50"]
[WhiteElo "1563"]
[BlackElo "1565"]
[Annotator ""]
[PlyCount "113"]
[EventDate "2016.??.??"]
[EventType "team-tourn"]
[EventCountry "AZE"]
[SourceTitle "playchess.com"]
[Source "ChessBase"]
[WhiteTeam "Angola"]
[BlackTeam "Morocco"]
[WhiteTeamCountry "ANG"]
[BlackTeamCountry "MAR"]
[TimeControl "40/5400+30:1800+30"]

1. e4 {(00:00)} e5 {(00:00)} 2. Nf3 {(00:00)} Nc6 {
(00:01)} 3. Bc4 {(00:00)} Bc5 {(00:35)} 4. Nc3 {(
00:03)} Nf6 {(01:04)} 5. d3 {(00:27)} h6 {(00:46)} 6. h3 {
(00:20)} d6 {(00:21)} 7. Be3 Bb6 {(01:40)} 8. O-O {
(03:45)} O-O {(01:43)} 9. a3 {(01:03)} Ne7 {(04:31]
} 10. Bxb6 {(02:42)} axb6 {(00:29)} 11. Re1 {(03:13)} Ng6
{(01:29)} 12. d4 {(02:03)} c6 {(10:07)} 13. dxe5 {(
02:45)} dxe5 {(00:41)} 14. Qxd8 {(00:19)} Rxd8 {(00:25)}
15. Rad1 {(00:14)} Be6 {(06:52)} 16. Bxe6 {(00:27)} fxe6 {
(00:07)} 17. Nd2 {(03:11)} b5 {(04:32)} 18. Nb3 {(
04:54)} b6 {(02:02)} 19. f3 {(00:24)} Kf7 {(02:19)} 20.
Nc1 {(01:03)} Ng8 {(04:22)} 21. Nd3 {(01:00)} N8e7 {
(00:25)} 22. Nf2 {(00:37)} h5 {(04:20)} 23. Rxd8 {(
00:43)} Rxd8 {(03:01)} 24. Rd1 {(01:16)} Rxd1+ {(01:14)}
25. Nfxd1 {(00:19)} Nc8 {(02:47)} 26. Ne3 {(00:22)} Nd6 {
(02:08)} 27. Ne2 {(04:55)} Ke7 {(02:00)} 28. Kf2 {(
01:24)} h4 {(07:15)} 29. Nc1 {(00:46)} c5 {(06:39)} 30.
Nd3 {(06:23)} Nc4 {(05:04)} 31. Nxc4 {(12:27)} bxc4 {
(00:25)} 32. Nc1 {(00:09)} Kd6 {(02:34)} 33. Ne2 {(
02:42)} Kc6 {(02:57)} 34. g3 {(07:18)} hxg3+ {(05:23)} 35.
Kxg3 {(00:17)} Ne7 {(00:23)} 36. Kg4 {(01:08)} Kd6 {
(02:09)} 37. Kg5 {(04:23)} b5 {(01:09)} 38. c3 {(
03:22)} Kd7 {(02:25)} 39. Ng3 {(02:18)} Ke8 {(00:50)} 40.
Nf1 {(00:00)} Kd7 {(00:00)} 41. Ne3 {(02:05)} Ke8 {
(03:31)} 42. Ng4 {(01:22)} Nc6 {(01:05)} 43. Kg6 {(
05:21)} Kf8 {(00:28)} 44. h4 {(00:42)} Kg8 {(00:42)} 45.
h5 {(01:21)} Kf8 {(00:14)} 46. Nf2 {(00:59)} Ne7+ {
(07:10)} 47. Kg5 {(01:03)} Kf7 {(01:02)} 48. Ng4 {(
00:57)} Nc6 {(00:40)} 49. h6 {(00:41)} gxh6+ {(00:23)} 50.
Nxh6+ {(00:08)} Kg7 {(00:28)} 51. Ng4 {(00:21)} Kf7 {
(01:25)} 52. Kh6 {(01:20)} Ke7 {(03:26)} 53. Kg7 {(
02:51)} Kd6 {(03:41)} 54. Kf6 {(00:22)} Ne7 {(05:08)} 55.
Nh6 {(05:34)} Nd5+ {(05:33)} 56. exd5 {(02:41)} exd5 {
(00:16)} 57. Nf5+ {(00:11)} 1-0

[Event "42nd Olympiad Baku 2016 Women"]
[Site "Baku"]
[Date "2016.09.06"]
[Round "5.10"]
[White "Taweesupmun, Chanida"]
[Black "Alymbay Kyzy, Aizhan"]
[Result "1/2-1/2"]
[ECO "D10"]
[WhiteElo "1773"]
[BlackElo "1913"]
[Annotator ""]
[PlyCount "88"]
[EventDate "2016.??.??"]
[EventType "team-tourn"]
[EventCountry "AZE"]
[SourceTitle "playchess.com"]
[Source "ChessBase"]
[WhiteTeam "Thailand"]
[BlackTeam "Kyrgyzstan"]
[WhiteTeamCountry "THA"]
[BlackTeamCountry "KGZ"]
[TimeControl "40/5400+30:1800+30"]

1. d4 {(00:00)} d5 {(00:00)} 2. c4 {(00:00)} c6 {(
00:00)} 3. Nf3 {(00:00)} Nf6 {(00:00)} 4. cxd5 {(00:27)}
cxd5 {(00:00)} 5. Nc3 {(00:06)} Nc6 {(00:00)} 6. Qb3 {
(02:17)} e6 {(01:50)} 7. Bf4 {(00:27)} a6 {(02:36)}
8. e3 {(03:01)} Be7 {(01:19)} 9. Ne5 {(02:14)} O-O {
(01:14)} 10. Be2 {(02:17)} Na5 {(08:53)} 11. Qc2 {(
00:38)} Nd7 {(02:18)} 12. O-O {(01:37)} Nxe5 {(00:20)} 13.
Bxe5 {(00:28)} Nc6 {(01:00)} 14. Bg3 {(01:31)} Bd7 {
(02:04)} 15. Rac1 {(02:07)} Rc8 {(00:48)} 16. Qb1 {
(02:39)} f5 {(04:28)} 17. a3 {(09:53)} Be8 {(03:57]
} 18. Rfd1 {(06:23)} Na5 {(11:32)} 19. Qa2 {(03:36)} Nc4 {
(03:52)} 20. Bxc4 {(06:36)} Rxc4 {(00:18)} 21. Ne2 {
(06:53)} Bb5 {(01:23)} 22. b3 {(04:46)} Rxc1 {(00:
14)} 23. Nxc1 {(01:48)} Qa5 {(08:12)} 24. a4 {(01:38)} Rc8
{(02:39)} 25. Qb2 {(04:11)} Be8 {(03:29)} 26. Ne2 {
(07:32)} b5 {(01:18)} 27. axb5 {(06:44)} Qxb5 {(05:
55)} 28. h3 {(02:36)} a5 29. Rc1 {(07:24)} Rxc1+ {(04:38)}
30. Nxc1 {(00:10)} a4 {(01:35)} 31. Qc2 {(00:53)} a3 {
(04:48)} 32. f3 {(05:29)} Qc6 {(00:37)} 33. Qxc6 {(
02:08)} Bxc6 {(00:03)} 34. Be1 {(00:14)} Kf8 {(00:43)} 35.
Kf2 {(00:49)} Bb5 {(00:15)} 36. Bc3 {(00:40)} Ke8 {
(00:07)} 37. Ke1 {(00:32)} Kd7 {(00:04)} 38. g3 {(
02:24)} Kc6 {(04:02)} 39. Kd2 {(01:12)} g5 {(00:45)} 40.
Ke1 {(00:00)} h5 {(00:00)} 41. f4 {(07:40)} Ba6 {(
11:56)} 42. Kf2 {(02:08)} Kb5 {(02:33)} 43. Na2 {(02:35)}
g4 {(02:04)} 44. hxg4 {(00:20)} hxg4 {(00:03)} 1/2-1/2

[Event "42nd Olympiad Baku 2016 Women"]
[Site "Baku"]
[Date "2016.09.06"]
[Round "5.1"]
[White "Terao, Juliana Sayumi"]
[Black "Golubenko, Valentina"]
[Result "0-1"]
[ECO "C06"]
[WhiteElo "2268"]
[BlackElo "2245"]
[Annotator ""]
[PlyCount "80"]
[EventDate "2016.??.??"]
[EventType "team-tourn"]
[EventCountry "AZE"]
[SourceTitle "playchess.com"]
[Source "ChessBase"]
[WhiteTeam "Brazil"]
[BlackTeam "Croatia"]
[WhiteTeamCountry "BRA"]
[BlackTeamCountry "CRO"]
[TimeControl "40/5400+30:1800+30"]

1. e4 {(00:00)} e6 {(00:00)} 2. d4 {(00:00)} d5 {(
00:00)} 3. Nd2 {(00:00)} Nf6 {(00:00)} 4. e5 {(00:00)}
Nfd7 {(00:00)} 5. Bd3 {(00:22)} c5 {(00:22)} 6. c3 {
(00:10)} Nc6 {(00:10)} 7. Ne2 {(00:15)} cxd4 {(00:
37)} 8. cxd4 {(00:07)} f6 {(00:09)} 9. exf6 {(00:33)} Nxf6
{(00:12)} 10. Nf3 {(00:26)} Bd6 {(01:06)} 11. O-O {
(00:32)} Qc7 {(00:15)} 12. Bg5 {(02:16)} O-O {(00:
29)} 13. Bh4 {(01:32)} Qb6 {(25:22)} 14. Nc3 {(21:46)} h6
{(13:05)} 15. Na4 {(16:19)} Qc7 {(01:41)} 16. Rc1 {
(00:42)} Bf4 {(11:16)} 17. Bg3 {(04:18)} Ne4 {(04:
02)} 18. Rc2 {(04:02)} Qa5 {(04:09)} 19. Re2 {(04:05)}
Nxg3 {(04:49)} 20. hxg3 {(00:34)} Bd6 {(00:22)} 21. Bb1 {
(02:05)} Bd7 {(08:19)} 22. Nc3 {(06:46)} Qb6 {(04:
19)} 23. Qd3 {(07:11)} Rf5 {(02:55)} 24. g4 {(00:56)} Nb4
{(07:07)} 25. Qd1 {(00:09)} Rf4 {(00:24)} 26. g5 {(
13:11)} hxg5 {(00:28)} 27. Nxg5 {(00:28)} Rxd4 {(01:18)}
28. Rd2 {(00:10)} Rh4 {(01:40)} 29. Nf3 {(01:32)} Rh6 {
(00:24)} 30. a3 {(02:19)} Nc6 {(00:17)} 31. Re1 {(
03:01)} Rf8 {(01:00)} 32. Qe2 {(06:01)} Bf4 {(02:10)} 33.
Rdd1 {(00:14)} Qc7 {(01:13)} 34. Nb5 {(01:17)} Qb8 {
(00:30)} 35. Nc3 {(00:58)} Bh2+ {(02:29)} 36. Kf1 {
(00:05)} Bd6 {(01:55)} 37. Qd3 {(00:55)} Ne5 {(01:
30)} 38. Nxe5 {(00:33)} Bxe5 {(00:16)} 39. Nxd5 {(01:01)}
exd5 {(00:45)} 40. Qxd5+ {(00:00)} Be6 {(00:00)} 0-1

[Event "42nd Olympiad Baku 2016 Women"]
[Site "Baku"]
[Date "2016.09.06"]
[Round "5.10"]
[White "Thornton, Filipina"]
[Black "Murray, Donna"]
[Result "1-0"]
[ECO "E00"]
[WhiteElo "1737"]
[BlackElo "1419"]
[Annotator ""]
[PlyCount "65"]
[EventDate "2016.??.??"]
[EventType "team-tourn"]
[EventCountry "AZE"]
[SourceTitle "playchess.com"]
[Source "ChessBase"]
[WhiteTeam "Malta"]
[BlackTeam "Barbados"]
[WhiteTeamCountry "MLT"]
[BlackTeamCountry "BAR"]
[TimeControl "40/5400+30:1800+30"]

1. d4 {(00:00)} e6 {(00:00)} 2. c4 {(00:02)} Bb4+ {
(00:00)} 3. Nc3 {(00:12)} d5 {(03:52)} 4. a3 {(00:
50)} Bxc3+ {(02:16)} 5. bxc3 {(00:08)} dxc4 {(00:42)} 6.
Qa4+ {(01:31)} Nd7 {(04:43)} 7. e4 {(03:47)} c6 {(
06:40)} 8. Qxc4 {(01:11)} Qe7 {(06:00)} 9. Nf3 {(00:56)}
c5 {(08:31)} 10. Be2 {(03:18)} b6 {(08:09)} 11. O-O {
(00:34)} Bb7 {(00:43)} 12. d5 {(04:02)} exd5 {(01:
51)} 13. exd5 {(00:09)} Ne5 {(01:27)} 14. Qb5+ {(06:52)}
Nd7 {(03:08)} 15. Bc4 {(03:28)} a6 {(02:33)} 16. Qb1 {
(01:39)} Qd6 {(00:55)} 17. Re1+ {(00:17)} Ne7 {(00:
13)} 18. Bg5 {(06:52)} Nf6 {(02:09)} 19. Bxf6 {(17:35)}
Qxf6 {(00:40)} 20. Qe4 {(00:58)} b5 {(04:26)} 21. Bf1 {
(06:53)} c4 {(03:52)} 22. Nd4 {(05:30)} Rd8 {(07:
36)} 23. Nf5 {(04:24)} Rd7 {(01:02)} 24. Qg4 {(12:46)} O-O
{(04:12)} 25. Nh6+ {(04:25)} Qxh6 {(13:12)} 26. Qxd7 {
(00:22)} Bxd5 {(06:31)} 27. Rxe7 {(00:44)} Be6 {(
00:49)} 28. Qa7 {(01:38)} Bd5 {(01:25)} 29. Rae1 {(01:21)}
Qc6 {(02:43)} 30. Qd7 {(02:40)} Qa8 {(01:05)} 31. Re8 {
(03:56)} Qc6 {(01:04)} 32. Rxf8+ {(00:29)} Kxf8 {(
00:15)} 33. Re8# {(00:13)} 1-0

[Event "42nd Olympiad Baku 2016 Women"]
[Site "Baku"]
[Date "2016.09.06"]
[Round "5.19"]
[White "Thorsteinsdottir, Hallgerdur"]
[Black "Fuentes Godoy, Lilia Ivonne"]
[Result "0-1"]
[ECO "B30"]
[WhiteElo "2015"]
[BlackElo "2142"]
[Annotator ""]
[PlyCount "74"]
[EventDate "2016.??.??"]
[EventType "team-tourn"]
[EventCountry "AZE"]
[SourceTitle "playchess.com"]
[Source "ChessBase"]
[WhiteTeam "Iceland"]
[BlackTeam "Mexico"]
[WhiteTeamCountry "ISL"]
[BlackTeamCountry "MEX"]
[TimeControl "40/5400+30:1800+30"]

1. e4 {(00:00)} c5 {(00:00)} 2. Nf3 {(00:00)} Nc6 {
(00:00)} 3. Bb5 {(00:03)} e6 {(00:09)} 4. Bxc6 {(
00:19)} bxc6 {(00:10)} 5. b3 {(00:13)} Ne7 {(03:56)} 6.
Bb2 {(00:33)} d5 {(09:27)} 7. Nc3 {(01:36)} Ng6 {(
05:07)} 8. e5 {(01:17)} Be7 {(02:04)} 9. O-O {(03:28)} O-O
{(07:30)} 10. d3 {(03:11)} f6 {(01:44)} 11. Na4 {(
02:19)} d4 {(09:37)} 12. Ba3 {(15:17)} fxe5 {(08:07)} 13.
Bxc5 {(01:59)} Rf5 {(12:02)} 14. Bxe7 {(03:49)} Qxe7 {
(00:39)} 15. Nd2 {(03:51)} Bd7 {(08:04)} 16. Ne4 {(
02:29)} Raf8 {(03:11)} 17. Nac5 {(04:37)} Be8 {(01:23)}
18. b4 {(05:24)} Nf4 {(02:36)} 19. Ng3 {(07:17)} R5f6 {
(05:39)} 20. a3 {(12:22)} Rh6 {(00:56)} 21. h3 {(
11:42)} Rff6 {(02:15)} 22. Qe1 {(03:29)} Ng6 {(14:26)} 23.
Qe2 {(01:31)} Rf4 {(00:58)} 24. Rae1 {(03:41)} Rfh4 {
(01:24)} 25. f4 {(02:12)} Rxf4 {(00:31)} 26. Rxf4 {
(00:14)} exf4 {(00:31)} 27. Nf5 {(01:12)} exf5 {(
00:26)} 28. Qxe7 {(00:06)} Nxe7 {(00:04)} 29. Rxe7 {(00:
08)} Bf7 {(01:00)} 30. Rxa7 {(00:20)} Bd5 {(00:22)} 31. a4
{(08:08)} Rg6 {(00:10)} 32. a5 {(00:09)} Rxg2+ {(
00:11)} 33. Kf1 {(00:03)} Rxc2 {(01:18)} 34. a6 {(00:27)}
Bg2+ {(00:30)} 35. Kg1 {(00:18)} f3 {(00:24)} 36. Kh2 {
(02:44)} f4 {(00:35)} 37. Re7 {(00:19)} Rc1 {(00:
25)} 0-1

[Event "42nd Olympiad Baku 2016 Women"]
[Site "Baku"]
[Date "2016.09.06"]
[Round "5.19"]
[White "Tin, Ruiqi"]
[Black "Badelka, Olga"]
[Result "1/2-1/2"]
[ECO "B32"]
[WhiteElo "1892"]
[BlackElo "2222"]
[Annotator ""]
[PlyCount "96"]
[EventDate "2016.??.??"]
[EventType "team-tourn"]
[EventCountry "AZE"]
[SourceTitle "playchess.com"]
[Source "ChessBase"]
[WhiteTeam "Singapore"]
[BlackTeam "Belarus"]
[WhiteTeamCountry "SIN"]
[BlackTeamCountry "BLR"]
[TimeControl "40/5400+30:1800+30"]

1. e4 {(00:00)} c5 {(00:00)} 2. Nf3 {(00:00)} Nc6 {
(00:00)} 3. d4 {(00:00)} cxd4 {(00:00)} 4. Nxd4 {(
00:00)} Qb6 {(00:00)} 5. Nb3 {(00:07)} Nf6 {(00:00)} 6.
Nc3 {(00:24)} e6 {(00:03)} 7. Bd3 {(00:48)} a6 {(
00:19)} 8. Be3 {(00:39)} Qc7 {(00:05)} 9. f4 {(01:32)} d6
{(00:08)} 10. Qf3 {(00:47)} b5 {(00:39)} 11. g4 {(
03:38)} Bb7 {(00:07)} 12. g5 {(02:19)} Nd7 {(00:06)} 13.
O-O-O {(06:11)} Nc5 {(17:50)} 14. Kb1 {(10:25)} Nb4 {
(03:05)} 15. Nd4 {(28:32)} d5 {(09:42)} 16. e5 {(
13:33)} O-O-O {(11:54)} 17. a3 {(10:22)} Nc6 {(03:31)} 18.
Na2 {(00:55)} Kb8 {(08:36)} 19. Qf2 {(01:32)} Nxd4 {
(02:21)} 20. Bxd4 {(00:10)} Rc8 {(03:19)} 21. Rhe1 {
(02:37)} g6 {(03:31)} 22. h4 {(03:46)} h6 {(00:29)}
23. Rh1 {(06:31)} Be7 {(00:34)} 24. Rh2 {(01:10)} Ka8 {
(03:25)} 25. Nc1 {(03:30)} Ne4 {(05:03)} 26. Bxe4 {
(02:37)} dxe4 {(00:03)} 27. Na2 {(00:32)} hxg5 {(
08:50)} 28. hxg5 {(00:06)} Rhd8 {(00:37)} 29. Rd2 {(00:42]
} Qc4 {(09:26)} 30. Be3 {(00:33)} Rxd2 {(03:56)} 31. Qxd2
{(00:06)} Bc5 {(00:53)} 32. Re2 {(01:04)} Bxe3 {(
01:22)} 33. Rxe3 {(00:34)} Rh8 {(02:48)} 34. Re1 {(00:25)}
Rh4 {(03:12)} 35. Nc3 {(00:36)} e3 {(00:43)} 36. Qxe3 {
(00:13)} Qxf4 {(00:04)} 37. Qc5 {(00:44)} Rh8 {(00:
37)} 38. Qe7 {(00:33)} Qg3 {(00:59)} 39. Rf1 {(00:35)}
Qxe5 {(00:36)} 40. Rxf7 {(00:00)} Rb8 {(00:00)} 41. Rg7 {
(12:13)} Qe1+ {(08:41)} 42. Ka2 {(00:08)} Qd2 {(01:
22)} 43. Rxg6 {(07:41)} Bd5+ {(09:09)} 44. Nxd5 {(00:22)}
Qxd5+ {(00:04)} 45. Kb1 {(03:27)} Qd1+ {(00:22)} 46. Ka2 {
(00:08)} Qd5+ {(00:04)} 47. Kb1 {(00:35)} Qd1+ {(
00:07)} 48. Ka2 {(00:05)} Qd5+ {(00:05)} 1/2-1/2

[Event "42nd Olympiad Baku 2016 Women"]
[Site "Baku"]
[Date "2016.09.06"]
[Round "5.4"]
[White "Toubal, Hayat"]
[Black "Mendoza, Shania Mae"]
[Result "0-1"]
[ECO "A48"]
[WhiteElo "1921"]
[BlackElo "1965"]
[Annotator ""]
[PlyCount "80"]
[EventDate "2016.??.??"]
[EventType "team-tourn"]
[EventCountry "AZE"]
[SourceTitle "playchess.com"]
[Source "ChessBase"]
[WhiteTeam "Algeria"]
[BlackTeam "Philippines"]
[WhiteTeamCountry "ALG"]
[BlackTeamCountry "PHI"]
[TimeControl "40/5400+30:1800+30"]

1. d4 {(00:00)} Nf6 {(00:08)} 2. Nf3 {(00:00)} g6 {
(00:55)} 3. Bf4 {(00:03)} Bg7 {(00:49)} 4. e3 {(00:
28)} O-O {(02:05)} 5. Nbd2 {[%emt 1:24:38)} d6 {(01:34)} 6. h3 {
(00:00)} Nbd7 {(04:31)} 7. Be2 {(00:00)} Qe8 {(02:
03)} 8. Nc4 {(00:00)} b5 {(13:02)} 9. Na5 {(00:00)} a6 {
(01:52)} 10. c4 {(00:00)} e5 {(08:35)} 11. dxe5 {(
00:00)} dxe5 {(00:20)} 12. Bh2 {(00:00)} Qe6 {(04:46)} 13.
O-O {(00:00)} Qb6 {(04:00)} 14. Nb3 {(00:00)} Re8 {
(02:14)} 15. Rc1 {(00:00)} c5 {(00:48)} 16. Qc2 {(
00:00)} b4 {(03:04)} 17. Rfd1 {(00:00)} Bb7 {(04:39)} 18.
Ne1 {(00:00)} a5 {(04:25)} 19. a4 {(00:00)} Bc6 {(
02:05)} 20. Ra1 {(00:00)} Bf8 {(02:38)} 21. Bf3 {(00:00)}
e4 {(03:25)} 22. Be2 {(00:00)} Ne5 {(00:14)} 23. Bf4 {
(00:00)} Qb7 {(01:33)} 24. Nd2 {(08:13)} Nfd7 {(03:
07)} 25. f3 {(02:38)} f5 {(06:30)} 26. fxe4 {(00:43)} fxe4
{(00:14)} 27. Kh2 {(02:34)} Bg7 {(04:41)} 28. Nb3 {
(01:01)} Bf8 {(00:46)} 29. Nd2 {(00:15)} Nb6 {(00:
25)} 30. b3 {(02:41)} Bg7 {(00:12)} 31. Rac1 {(00:30)}
Nbd7 {(00:13)} 32. Nf1 {(00:20)} Nf8 {(00:32)} 33. Rd6 {
(01:05)} Ne6 {(01:19)} 34. Bg3 {(00:05)} h5 {(06:
54)} 35. Qd1 {(01:42)} Rad8 36. Kh1 {(00:29)} Qe7 {(06:36]
} 37. Rxd8 {(00:19)} Rxd8 {(00:07)} 38. Qc2 {(00:07)} Rf8
{(01:22)} 39. Nd2 {(01:04)} Qg5 {(01:05)} 40. Bxe5 {
(00:00)} Bxe5 {(00:00)} 0-1

[Event "42nd Olympiad Baku 2016 Women"]
[Site "Baku"]
[Date "2016.09.06"]
[Round "5.1"]
[White "Tsolakidou, Stavroula"]
[Black "Unuk, Laura"]
[Result "1/2-1/2"]
[ECO "E06"]
[WhiteElo "2355"]
[BlackElo "2332"]
[Annotator ""]
[PlyCount "77"]
[EventDate "2016.??.??"]
[EventType "team-tourn"]
[EventCountry "AZE"]
[SourceTitle "playchess.com"]
[Source "ChessBase"]
[WhiteTeam "Greece"]
[BlackTeam "Slovenia"]
[WhiteTeamCountry "GRE"]
[BlackTeamCountry "SLO"]
[TimeControl "40/5400+30:1800+30"]

1. d4 {(00:00)} Nf6 {(00:00)} 2. c4 {(00:00)} e6 {(
00:00)} 3. g3 {(00:00)} d5 {(00:15)} 4. Bg2 {(00:00)} Be7
{(00:15)} 5. Nf3 {(00:03)} O-O {(00:14)} 6. O-O {(
00:10)} dxc4 {(00:18)} 7. Qc2 {(00:15)} a6 {(00:21)} 8. a4
{(00:12)} Bd7 {(00:19)} 9. Qxc4 {(00:16)} Bc6 {(00:
16)} 10. Bg5 {(00:22)} Bd5 {(00:49)} 11. Qc2 {(04:41)} Be4
{(00:25)} 12. Qc1 {(00:14)} h6 {(00:44)} 13. Bxf6 {
(00:36)} Bxf6 {(00:11)} 14. e3 {(16:12)} a5 {(06:
54)} 15. Nc3 {(01:15)} Bxf3 {(03:26)} 16. Bxf3 {(00:05)}
c6 {(00:08)} 17. Rd1 {(19:49)} Na6 {(01:56)} 18. Qc2 {
(11:21)} Qb6 {(04:19)} 19. Rac1 {(05:09)} Rfd8 {(
02:40)} 20. Ne4 {(05:18)} Be7 {(01:10)} 21. h4 {(00:25)}
Nb4 {(06:26)} 22. Qc4 {(06:12)} Rac8 {(06:50)} 23. Kg2 {
(00:34)} Nd5 {(02:58)} 24. b3 {(02:08)} Qc7 {(06:
26)} 25. Nc5 {(06:17)} Bd6 {(16:03)} 26. e4 {(07:33)} Bxg3
{(05:38)} 27. exd5 {(01:24)} exd5 {(00:57)} 28. Qe2 {
(04:30)} Bxh4 {(00:22)} 29. Qe5 {(01:49)} Rd6 {(09:
43)} 30. Rc2 {(02:38)} Bf6 {(04:28)} 31. Qf4 {(01:35)}
Rcd8 {(02:22)} 32. Re2 {(00:24)} Bg5 {(05:07)} 33. Qh2 {
(00:13)} Qc8 {(02:21)} 34. Qh3 {(00:44)} Qb8 {(02:
08)} 35. Qh2 {(01:07)} Bf6 {(01:30)} 36. Qf4 {(00:44)} Bg5
{(00:49)} 37. Qh2 {(00:14)} Bf6 {(01:26)} 38. Qf4 {
(01:39)} Bg5 {(00:09)} 39. Qh2 {(00:34)} 1/2-1/2

[Event "42nd Olympiad Baku 2016 Women"]
[Site "Baku"]
[Date "2016.09.06"]
[Round "5.24"]
[White "Umudova, Nargiz"]
[Black "Aranaz Murillo, Amalia"]
[Result "1/2-1/2"]
[ECO "B30"]
[WhiteElo "2247"]
[BlackElo "2279"]
[Annotator ""]
[PlyCount "84"]
[EventDate "2016.??.??"]
[EventType "team-tourn"]
[EventCountry "AZE"]
[SourceTitle "playchess.com"]
[Source "ChessBase"]
[WhiteTeam "Azerbaijan"]
[BlackTeam "Spain"]
[WhiteTeamCountry "AZE"]
[BlackTeamCountry "ESP"]
[TimeControl "40/5400+30:1800+30"]

1. e4 {(00:00)} c5 {(00:00)} 2. Nf3 {(01:44)} Nc6 {
(00:05)} 3. Nc3 {(04:04)} Nf6 {(07:21)} 4. d4 {(06:
01)} cxd4 {(00:11)} 5. Nxd4 {(00:04)} Qb6 {(00:41)} 6. Nb3
{(07:19)} e6 {(00:13)} 7. Bd3 {(04:41)} a6 {(03:24]
} 8. O-O {(02:38)} d6 {(01:13)} 9. Kh1 {(09:41)} Be7 {
(07:42)} 10. f4 {(01:33)} h5 {(15:30)} 11. Be2 {(
02:56)} Bd7 {(03:41)} 12. a4 {(03:01)} Rd8 {(11:37)} 13.
a5 {(05:17)} Qa7 {(00:05)} 14. Bf3 {(01:40)} Nb4 {(
12:35)} 15. Qe2 {(04:58)} e5 {(06:07)} 16. Nd5 {(10:01)}
Nbxd5 {(01:15)} 17. exd5 {(07:19)} Ng4 {(06:19)} 18. c4 {
(09:31)} g6 {(04:03)} 19. fxe5 {(02:53)} Nxe5 {(00:
09)} 20. Bf4 {(01:27)} Bf6 {(04:26)} 21. Nd2 {(02:17)} Bg7
{(01:28)} 22. Ne4 {(00:52)} Qb8 {(02:13)} 23. Bg5 {
(03:26)} O-O {(00:21)} 24. Bxd8 {(02:57)} Rxd8 {(
00:06)} 25. Rfc1 {(00:48)} Nxf3 {(01:21)} 26. gxf3 {(01:
01)} Re8 {(01:58)} 27. Qg2 {(00:48)} b6 {(01:03)} 28. Qg5
{(02:30)} bxa5 {(02:50)} 29. Nf6+ {(01:00)} Bxf6 {(
00:16)} 30. Qxf6 {(00:04)} Re5 {(02:01)} 31. Rg1 {(02:19)}
Qb4 {(01:46)} 32. Rxg6+ {(00:36)} fxg6 {(00:06)} 33. Qxg6+
{(00:02)} Kf8 {(00:05)} 34. Rg1 Re1 {(00:20)} 35. Qg7+ {
(01:18)} Ke8 {(00:04)} 36. Qg8+ {(00:11)} Ke7 {(00:
06)} 37. Qg5+ {(00:16)} Kf8 {(00:34)} 38. Qh6+ {(00:44)}
Ke7 {(00:12)} 39. Qg5+ {(00:32)} Kf8 {(00:06)} 40. Qg8+ {
(00:00)} Ke7 {(00:00)} 41. Qg5+ {(04:29)} Kf8 {(00:
31)} 42. Qh6+ {(16:29)} Ke7 {(00:12)} 1/2-1/2